 Dungeon Crawl Stone Soup version 0.30-a0-141-g30f27751c5 (webtiles) character file.

Game seed: 14565546979445309995

115 zxpr0jk the Chiller (level 4, -11/33 HPs)
             Began as a Draconian Ice Elementalist on Sept 26, 2022.
             Killed by divine providence
             ... invoked by an orc priest
              (17 damage)
             ... on level 3 of the Dungeon.
             The game lasted 00:04:47 (2296 turns).

zxpr0jk the Chiller (Draconian Ice Elementalist)    Turns: 2296, Time: 00:04:48

Health: -11/33     AC: 13    Str: 16    XL:     4   Next: 68%
Magic:  5/8        EV: 12    Int: 16    God:
Gold:   112        SH:  5    Dex: 13    Spells: 2/9 levels left

rFire   . . .      SeeInvis .    s - +0 trident
rCold   . . .      Faith    .    (no shield)
rNeg    . . .      Spirit   .    (body armour unavailable)
rPois   .          Reflect  +    (helmet restricted)
rElec   .          Harm     .    o - +0 cloak
rCorr   .          Rampage  .    n - +0 pair of gloves
Will    .....                    (no boots)
Stlth   ++........               e - amulet of reflection
HPRegen 0.11/turn                g - +6 ring of strength
MPRegen 0.11/turn                (no ring)

@: ice-armoured, freezing walls
A: AC +5, unfitting armour, cold-blooded
a: no special abilities


You were on level 3 of the Dungeon.
You visited 1 branch of the dungeon, and saw 3 of its levels.

You collected 202 gold pieces.
You spent 90 gold pieces at shops.

Inventory:

Hand Weapons
 s - a +0 trident (weapon)
Armour
 n - a +0 pair of gloves (worn)
 o - a +0 cloak (worn)
Jewellery
 e - an amulet of reflection (around neck)
 g - a +6 ring of strength (left hand)
Scrolls
 d - a scroll of vulnerability {unknown}
 f - 4 scrolls of enchant armour {unknown}
 h - a scroll of teleportation {unknown}
 m - a scroll of torment {unknown}
 p - a scroll of acquirement {unknown}
 q - a scroll of silence {unknown}
Potions
 a - 3 potions of magic
 c - a potion of brilliance {unknown}
 i - a potion of mutation {unknown}
 j - 2 potions of flight {unknown}
 k - a potion of cancellation {unknown}
 l - a potion of berserk rage {unknown}


   Skills:
 - Level 1.7 Dodging
 - Level 1.7 Stealth
 + Level 3.0 Spellcasting
 * Level 5.5 Ice Magic


You had 2 spell levels left.
You knew the following spells:

 Your Spells              Type           Power      Damage    Failure   Level
a - Freeze                Ice            80%        1d9       1%          1
b - Ozocubu's Armour      Ice            20%        N/A       6%          3
c - Frozen Ramparts       Ice            40%        1d7       6%          3

Your spell library contained the following spells:

 Spells                   Type           Power      Damage    Failure   Level
 Hailstorm                Conj/Ice       11%        3d5       52%         4


Dungeon Overview and Level Annotations

Branches:
Dungeon (3/15)

Altars:

Shops:
D:2 [


Innate Abilities, Weirdness & Mutations

Your plain brown scales are hard. (AC +5)
You cannot fit into any form of body armour.
You are cold-blooded and may be slowed by cold attacks.


Message History

The orc is lightly wounded.
The orc completely misses you.
You hit the orc.
The orc is moderately wounded.
The orc misses you.
You hit the orc.
The orc is almost dead.
The orc hits you with a +0 whip.
You hit the orc.
You kill the orc!
s - a +0 trident
s - a +0 trident (weapon)
You drop a +0 dagger.
You drop a +0 spear.
You start resting.
An orc priest comes into view.
It is wielding a +0 dagger and wearing a +2 leather armour of cold resistance.
The orc priest shouts!
The orc priest miscasts a cantrip.
You start resting.
An orc priest is nearby!
The orc priest hits you but does no damage.
Casting: Freeze (safe; 1% risk of failure)
Confirm with . or Enter, or press ? or * to list all spells.
A film of ice covers your body!
The orc priest calls down the wrath of Beogh upon you.
Pain shoots through your body!
* * * LOW HITPOINT WARNING * * *
You are too injured to fight recklessly!
Magic courses through your body.
The orc priest hits you but does no damage.
Casting: Ozocubu's Armour (dangerous; 6% risk of failure)
Confirm with . or Enter, or press ? or * to list all spells.
Casting: Frozen Ramparts (dangerous; 6% risk of failure)
Press: ? - help, Dir - look around, f - activate The walls around you are covered in ice.
The wall freezes the orc priest but does no damage.
The orc priest invokes the aid of Beogh against you.
Beogh smites you!
Ouch! That really hurt!
You die...

#######.##.######)......#
......... #.#
########.#..#.. #.#
#......#.##.#.# #o#
###.####......#.# #)#
............#...## #)#
......##.##.#.#..# #.#
......##.##.#.#..# #.#
......##.##.#)#.@###.#
.........##.#)#..o...#
..†..######.#.######.....#
......... ..... .....>..
......### ##### ########
......# ...##.# ...# .#
...# #


You could see an orc priest.

Vanquished Creatures
  4 gnolls (D:3)
  2 adders
  A worm (D:3)
  3 orcs (D:3)
  3 ball pythons
  8 bats
  2 endoplasms
  2 giant cockroaches
  6 goblins
  4 jackals (D:1)
  2 kobolds
  3 quokkas
  2 frilled lizards
  13 rats
55 creatures vanquished.

Notes
Turn   | Place    | Note
-------+----------+-------------------------------------------
     0 | D:1      | zxpr0jk the Draconian Ice Elementalist began the quest for
                  | the Orb.
     0 | D:1      | Reached XP level 1. HP: 14/14 MP: 3/3
   189 | D:1      | Reached XP level 2. HP: 15/20 MP: 0/5
   926 | D:2      | Reached XP level 3. HP: 26/26 MP: 6/6
  1091 | D:2      | Found Giypsusa's Armour Shop.
  1099 | D:2      | Bought a +0 pair of gloves for 45 gold pieces
  1099 | D:2      | Bought a +0 cloak for 45 gold pieces
  1194 | D:2      | Learned a level 3 spell: Ozocubu's Armour
  1198 | D:2      | Learned a level 3 spell: Frozen Ramparts
  1373 | D:2      | Reached skill level 5 in Ice Magic
  2119 | D:3      | Reached XP level 4. HP: 31/33 MP: 5/8
  2296 | D:3      | Killed from afar by an orc priest

Illustrated notes

Levels and vault maps discovered:
D:1:      wheals_arrival_linesprint, layout_basic, minmay_rat_gold_closets
D:2:      layout_basic, serial_shops, shop
D:3:      layout_basic

Skill      XL: |  1  2  3  4 |
---------------+-------------+-----
Ice Magic      | 5 |  5.5
Spellcasting   | 3 |  3.0
Dodging        | |  1.7
Stealth        | |  1.7

Action                   |  1- 3 |  4- 6 || total
-------------------------+-------+-------++-------
Melee: Dagger            |   129 |    19 ||   148
       Tailslap          |    21 |     4 ||    25
       Punch             |     2 |       ||     2
Throw: Stone             |     4 |       ||     4
 Cast: Freeze            |    17 |     3 ||    20
       Ozocubu's Armour  |     1 |     3 ||     4
       Frozen Ramparts   |     1 |     3 ||     4
  Use: Potion            |       |     1 ||     1
 Stab: Sleeping          |     8 |       ||     8
Armor: Skin              |    53 |    10 ||    63
Dodge: Dodged            |    74 |    16 ||    90
Block: Other             |    19 |     6 ||    25

Table legend: (Time is in decaauts)
 A = Elapsed time spent in this place.
 B = Non-inter-level travel time spent in this place.
 C = Inter-level travel time spent in this place.
 D = Time resting spent in this place.
 E = Time spent auto-exploring this place.
 F = Levels seen in this place.
 G = Mean time per level.
                   A        B        C        D        E       F      G
               +--------+--------+--------+--------+--------+-----+--------+
         Total |   2294 |   2237 |     57 |      5 |   1816 |   3 |  764.7 |
       Dungeon |   2294 |   2237 |     57 |      5 |   1816 |   3 |  764.7 |
               +--------+--------+--------+--------+--------+-----+--------+

Top non-repeatable levels by time:
     D:1: 920 daAuts
     D:2: 818 daAuts
     D:3: 555 daAuts
